 Dungeon Sprint DCSS version 0.22-a0-422-g9628fc8 (webtiles) character file.

170128 Goblin1989 the Gargoyle Aeon (level 17, -26/122 HPs)
             Began as a Gargoyle Monk on May 19, 2018.
             Was the Champion of Cheibriados.
             Killed from afar by a Hell Sentinel (38 damage)
             ... with damnation
             ... in the Dungeon (Sprint V: "Ziggurat Sprint").
             The game lasted 00:32:42 (2671 turns).

Goblin1989 the Gargoyle Aeon (Gargoyle Monk)        Turns: 2671, Time: 00:32:44

Health: -26/122    AC: 53    Str: 56    XL:     17   Next: 98%
Magic:  21/49      EV: 27    Int: 25    God:    Cheibriados [******]
Gold:   0          SH: 37    Dex: 27    Spells: 16/16 levels left

rFire    + + .     SeeInvis .   b - staff of power {!a}
rCold    + + +     Gourm    .   p - +18 shield of the Gong {rElec rN+ MR+ EV-5}
rNeg     + + +     Faith    .   C - +5 gold dragon scales
rPois    ∞         Spirit   .   q - +0 helmet {Int+3}
rElec    +         Reflect  .   M - +1 cloak of Starlight {rElec rC+ EV+4 Stlth--}
rCorr    .         Harm     .   Z - +2 pair of gloves "Tivup" {rF+ Str+3 Int+4}
MR       ++++.     NoTele   +   (no boots)
Stlth    ..........             N - amulet "Kuxiaf" {Inacc MR++ Str+2 Int-5 Stlth+}
HPRegen  0.30/turn              P - +6 ring of strength
MPRegen  0.31/turn              H - ring of Agnosticism {rC+ rN+ Str+7 Int-2}

@: studying Evocations, very slow
A: big wings, frail 1, negative energy resistance 1, electricity resistance,
unbreathing, petrification resistance, rot immunity, AC +12
a: Fly, Bend Time, Temporal Distortion, Slouch, Step From Time, Renounce
Religion


You were in the Dungeon.
You worshipped Cheibriados.
Cheibriados was exalted by your worship.
You were not hungry.

You visited 1 branch

Inventory:

Hand Weapons
 a - a +9 broad axe of flaming
 o - the +5 morningstar of the Vestibule of Hell {flame, *Rage rC+ rN+++ Dex+2}
   (You found it in the Dungeon)

   It has been specially enchanted to burn those struck by it, causing extra
   injury to most foes and up to half again as much damage against particularly
   susceptible opponents.
   It affects your dexterity (+2).
   It protects you from cold.
   It renders you almost immune to negative energy.
   It may make you go berserk in combat.
Armour
 p - the +18 shield of the Gong (worn) {rElec rN+ MR+ EV-5}
   (You found it in the Dungeon)

   It affects your evasion (-5).
   It insulates you from electricity.
   It protects you from negative energy.
   It affects your resistance to hostile enchantments.
 q - a +0 helmet of intelligence (worn)
 C - +5 gold dragon scales (worn)
 M - the +1 cloak of Starlight (worn) {rElec rC+ EV+4 Stlth--}
   (You found it in the Dungeon)

   It affects your evasion (+4).
   It protects you from cold.
   It insulates you from electricity.
   It makes you much less stealthy.
 Z - the +2 pair of gloves "Tivup" (worn) {rF+ Str+3 Int+4}
   (You found it in the Dungeon)

   It affects your strength (+3).
   It affects your intelligence (+4).
   It protects you from fire.
Magical Staves
 b - an uncursed staff of power (weapon) {!a}
 V - an uncursed staff of energy {@w2, !a, !d!a}
Jewellery
 n - the ring of Jackog Atte {*Corrode rPois rF+ MR++ SInv}
   (You found it in the Dungeon)

   [ring of protection from fire]

   It protects you from fire.
   It protects you from poison.
   It affects your resistance to hostile enchantments.
   It lets you see invisible.
   It may corrode you when you take damage.
 t - the amulet of the Four Winds {rN+ MR+++ Clar}
   (You found it in the Dungeon)

   [amulet of nothing]

   It protects you from negative energy.
   It affects your resistance to hostile enchantments.
   It protects you against confusion.
 u - the ring of Beogh's Indignation {rC++ MP+9 AC+4}
   (You found it in the Dungeon)

   [ring of protection]

   It affects your AC (+4).
   It greatly protects you from cold.
   It affects your magic capacity (+9).
 w - the ring "Ytufrutu" {rF+ MP+9 Str+4 Int+3 Dex-3}
   (You found it in the Dungeon)

   [ring of magical power]

   It affects your strength (+4).
   It affects your intelligence (+3).
   It affects your dexterity (-3).
   It protects you from fire.
   It affects your magic capacity (+9).
 x - the amulet "Roacanat" {Spirit *Drain +Blink MR+++ Stlth-}
   (You found it in the Dungeon)

   [amulet of guardian spirit]

   It causes incoming damage to be split between your health and magic.
   It affects your resistance to hostile enchantments.
   It lets you blink.
   It causes draining when unequipped.
   It makes you less stealthy.
 y - the macabre finger necklace {rN+}
   (You took it off a wight in the Dungeon)

   [amulet of nothing]

   It protects you from negative energy.
 H - the ring of Agnosticism (right hand) {rC+ rN+ Str+7 Int-2}
   (You found it in the Dungeon)

   [ring of protection from cold]

   It affects your strength (+7).
   It affects your intelligence (-2).
   It protects you from cold.
   It protects you from negative energy.
 N - the amulet "Kuxiaf" (around neck) {Inacc MR++ Str+2 Int-5 Stlth+}
   (You found it in the Dungeon)

   [amulet of inaccuracy]

   It reduces the accuracy of all your attacks.
   It affects your strength (+2).
   It affects your intelligence (-5).
   It affects your resistance to hostile enchantments.
   It makes you more stealthy.
 O - the amulet of Youthful Indiscretion {Regen+ Dex+6}
   (You found it in the Dungeon)

   [amulet of regeneration]

   It affects your dexterity (+6).
   It increases your rate of regeneration.
 P - a +6 ring of strength (left hand)
 W - the ring "Iklaerad" {Dex+4 Stlth-}
   (You took it off a vampire knight in the Dungeon)

   [ring of loudness]

   It affects your dexterity (+4).
   It makes you less stealthy.
 X - the cursed necklace of Bloodlust {*Rage +Rage MR++ Int-3 Slay+6 *Curse}
   (You found it in the Dungeon)

   [amulet of rage]

   It affects your intelligence (-3).
   It affects your accuracy and damage with ranged weapons and melee attacks
   (+6).
   It affects your resistance to hostile enchantments.
   It lets you go berserk.
   It may make you go berserk in combat.
   It curses itself when equipped.
   It has a curse placed upon it.
Wands
 A - a wand of acid (7) {@v2}
 I - a wand of iceblast (7) {@v4}
Scrolls
 r - a scroll of brand weapon
 s - 4 scrolls of enchant weapon
 B - 3 scrolls of blinking
 K - 7 scrolls of fog
 L - a scroll of holy word
 R - 5 scrolls of identify {@r1}
 S - 5 scrolls of remove curse {@r3}
 T - 2 scrolls of fear
Potions
 c - 8 potions of heal wounds {@q2}
 d - 10 potions of curing {@q1}
 g - 3 potions of magic
 E - 2 potions of brilliance
 F - 2 potions of invisibility
 G - 4 potions of resistance
 J - 2 potions of might
 U - 2 potions of agility
Books
 m - a manual of Evocations
Miscellaneous
 v - 4 phantom mirrors
 z - 6 boxes of beasts
 D - a fan of gales
 Q - a phial of floods
 Y - a lamp of fire
Comestibles
 e - 4 rations


   Skills:
 + Level 26.3 Fighting
 - Level 18.0 Axes
 + Level 26.2 Armour
 + Level 18.5 Dodging
 - Level 2.1 Stealth
 - Level 15.4 Shields
 O Level 27 Invocations
 + Level 9.7 Evocations


You had 16 spell levels left.
You didn't know any spells.
Your spell library was empty.

Dungeon Overview and Level Annotations

Branches:
Dungeon (1/1)

Altars:
Ashenzari
Cheibriados
Dithmenos
Elyvilon
Fedhas
Gozag
Hepliaklqana
Kikubaaqudgha
Makhleb
Nemelex Xobeh
Okawaru
Qazlal
Ru
Sif Muna
Trog
Uskayaw
Vehumet
Wu Jian
Xom
Yredelemnul
Zin
The Shining One
Beogh
Jiyva
Lugonu


Innate Abilities, Weirdness & Mutations

You are resistant to torment.
Your stone body is resilient. (AC +12)
You are immune to poison.
Your large and strong wings let you fly indefinitely.
You resist negative energy. (rN+)
You are resistant to electric shocks. (rElec)
You can survive without breathing.
You are immune to petrification.
You are immune to rotting.
You are frail. (-10% HP)


Message History

You kill the tormentor!
Cheibriados appreciates the change of pace.
You kill the iron imp!
Cheibriados appreciates the change of pace.
You feel somewhat more hungry.
A tormentor comes into view.
You block the reaper's attack.
GONNNNG!
The reaper shouts, "You must die NOW!"
The iron giant casts a spell at you. The harpoon shot hits you!
You block the rust devil's attack.
GONNNNG!
You now have 39/49 mp.
Unknown command.
Unknown command.
You can feel time thicken for a moment.
You kill the rust devil!
Cheibriados thoroughly appreciates the change of pace.
You destroy the freezing wraith!
Cheibriados appreciates the change of pace.
Your Evocations skill increases to level 4!
You kill the rust devil!
Cheibriados appreciates the change of pace.
You destroy the skeletal warrior!
Cheibriados appreciates the change of pace.
You kill the iron giant!
Cheibriados appreciates the change of pace.
Your Evocations skill increases to level 5!
You kill the rust devil!
Cheibriados thoroughly appreciates the change of pace.
Your Dodging skill increases to level 18!
You kill the rust devil!
Cheibriados appreciates the change of pace.
You kill the rust devil!
Cheibriados appreciates the change of pace.
You destroy the jackal zombie!
Cheibriados thoroughly appreciates the change of pace.
You feel somewhat more hungry. You block the reaper's attack.
BONNNG!
You now have 35/49 mp.
Unknown command.
Unknown command.
You can feel time thicken for a moment.
You kill the reaper!
Cheibriados thoroughly appreciates the change of pace.
Your Evocations skill increases to level 6!
You kill the reaper!
Cheibriados thoroughly appreciates the change of pace.
Your Fighting skill increases to level 26!
Your Evocations skill increases to level 7!
You kill the reaper!
Cheibriados appreciates the change of pace.
You destroy the skeletal warrior!
Cheibriados appreciates the change of pace.
Your Armour skill increases to level 26!
You kill the tormentor!
Cheibriados thoroughly appreciates the change of pace.
Your Evocations skill increases to level 8!
You feel somewhat more hungry.
The Hell Sentinel completely misses you.
The Hell Sentinel hits you but does no damage.
The Hell Sentinel completely misses you.
You block the Hell Sentinel's attack.
BOUMMMMG!
You now have 30/49 mp.
Unknown command.
Unknown command.
Unknown command.
You can feel time thicken for a moment.
You kill the reaper!
Cheibriados thoroughly appreciates the change of pace.
You kill the reaper!
Cheibriados appreciates the change of pace.
You kill the reaper!
Cheibriados thoroughly appreciates the change of pace.
Your Evocations skill increases to level 9!
You kill the reaper!
Cheibriados thoroughly appreciates the change of pace.
You feel somewhat more hungry. The Hell Sentinel gestures at you.
The sphere of damnation explodes!
The damnation engulfs you!
* * * LOW HITPOINT WARNING * * *
The damnation engulfs the Hell Sentinel.
The Hell Sentinel completely resists.
The damnation engulfs the Hell Sentinel.
The Hell Sentinel completely resists.
The Hell Sentinel gestures at you.
The sphere of damnation explodes!
The damnation engulfs you!
* * * LOW HITPOINT WARNING * * *
The damnation engulfs the Hell Sentinel.
The Hell Sentinel completely resists.
The damnation engulfs the Hell Sentinel.
The Hell Sentinel completely resists.
You take 64 damage, and have 11/122 hp.
MASSIVE DAMAGE!!
You now have 25/49 mp.
Unknown command.
Unknown command.
You can feel time thicken for a moment.
You feel somewhat more hungry. The Hell Sentinel gestures at you.
The sphere of damnation explodes!
The damnation engulfs you!
You die...

.)|)|.|)[)==|:|
.)):}||)[)):"}|)
................
....).))).......
....)..))8......
......)1).......
.....81†1.......
.......@........
................
................
................
....▓.......▓...
................
................
................
.......©.......


You could see 3 Hell Sentinels and 2 iron golems.

Vanquished Creatures
  7 pandemonium lords (D)
  2 pearl dragons (D)
  An iron giant (D)
  4 liches (D)
  4 tentacled starspawn (D)
  A shadow dragon (D)
  A deep elf sorcerer (D)
  2 daevas (D)
  3 ghost moths (D)
  A cacodemon (D)
  A draconian scorcher (D)
  An emperor scorpion (D)
  4 angels (D)
  A draconian shifter (D)
  13 reapers (D)
  3 ghouls (D)
  An ophan (D)
  2 apis (D)
  2 draconian annihilators (D)
  An ironheart preserver (D)
  A deep elf demonologist (D)
  A stone giant (D)
  4 vampire knights (D)
  3 green draconians (D)
  2 black draconians (D)
  3 purple draconians (D)
  3 yellow draconians (D)
  2 red draconians (D)
  An ogre mage (D)
  5 hydras (D)
  2 vault guards (D)
  A vampire mage (D)
  2 thrashing horrors (D)
  4 skeletal warriors (D)
  5 soul eaters (D)
  A fire crab (D)
  A wretched star (D)
  A sixfirhy (D)
  5 starcursed masses (D)
  A spriggan druid (D)
  A flayed ghost (D)
  2 orc knights (D)
  5 necromancers (D)
  2 orb spiders (D)
  2 draconians (D)
  5 moths of wrath (D)
  4 wolf spiders (D)
  A worldbinder (D)
  2 vault sentinels (D)
  6 toenail golems (D)
  2 orange demons (D)
  9 rust devils (D)
  4 smoke demons (D)
  A spiny frog (D)
  A hellion (D)
  5 demonic crawlers (D)
  2 komodo dragons (D)
  A freezing wraith (D)
  8 tormentors (D)
  2 ice devils (D)
  An ancient zyme (D)
  2 hellwings (D)
  3 red devils (D)
  6 jumping spiders (D)
  6 large abominations (D)
  4 hornets (D)
  2 raiju (D)
  3 hippogriffs (D)
  2 flying skulls (D)
  7 shadows (D)
  4 wraiths (D)
  6 tarantellas (D)
  4 redbacks (D)
  3 yaks (D)
  2 spriggans (D)
  2 ynoxinuls (D)
  2 neqoxecs (D)
  4 chaos spawn (D)
  3 hell hounds (D)
  2 porcupines (D)
  2 water moccasins (D)
  9 small abominations (D)
  2 black bears (D)
  3 wolves (D)
  2 crocodiles (D)
  8 bullfrogs (D)
  3 earth elementals (D)
  2 wights (D)
  A crimson imp (D)
  3 quasits (D)
  An orc priest (D)
  2 orc wizards (D)
  6 iron imps (D)
  An iguana (D)
  A mummy (D)
  A river rat (D)
  A shadow imp (D)
  3 spectral adders (D)
  3 ufetubi (D)
  3 adder skeletons (D)
  6 adder zombies (D)
  2 orcs (D)
  2 spectral bats (D)
  7 bat skeletons (D)
  10 bat zombies (D)
  A jackal (D)
  A ball python skeleton (D)
  7 giant cockroach zombies (D)
  A jackal skeleton (D)
  2 jackal zombies (D)
  4 leopard gecko skeletons (D)
  4 leopard gecko zombies (D)
  A quokka zombie (D)
  A spectral giant cockroach (D)
  A spectral jackal (D)
343 creatures vanquished.

Vanquished Creatures (others)
  A black draconian (D)
  A bat zombie (D)
  9 starspawn tentacles (D)
11 creatures vanquished.

Grand Total: 354 creatures vanquished

Notes
Turn   | Place    | Note
-------+----------+-------------------------------------------
     0 | D        | Found the +6 Majin-Bo {vamp, Archmagi MP+6 Int+6}
     0 | D        | Found the +7 great mace "Firestarter" {inner flame, rF++}
     0 | D        | Goblin1989 the Gargoyle Monk began the quest for the Orb.
     0 | D        | Reached XP level 1. HP: 14/14 MP: 1/1
     4 | D        | Found a blossoming altar of Fedhas.
     5 | D        | Found an opulent altar of Gozag.
     5 | D        | Found a hazy altar of Hepliaklqana.
     5 | D        | Found a viscous altar of Jiyva.
     5 | D        | Found a transporter.
     6 | D        | Became a worshipper of Cheibriados the Contemplative
     6 | D        | Reached * piety under Cheibriados
     6 | D        | Reached ** piety under Cheibriados
    13 | D        | Found an ancient bone altar of Kikubaaqudgha.
    13 | D        | Found a corrupted altar of Lugonu.
    18 | D        | Found a deep blue altar of Sif Muna.
    18 | D        | Found a bloodstained altar of Trog.
    18 | D        | Found a sacrificial altar of Ru.
    18 | D        | Found a stormy altar of Qazlal.
    18 | D        | Found an iron altar of Okawaru.
    19 | D        | Found a sparkling altar of Nemelex Xobeh.
    21 | D        | Found a burning altar of Makhleb.
    35 | D        | Banished a spatial maelstrom
    38 | D        | Found the +6 shillelagh "Devastator" {shatter}
    38 | D        | Found the +11 plutonium sword {*Contam Stlth-}
    38 | D        | Found the +8 lance "Wyrmbane" {slay drac, rPois rF+ rC+ AC+3}
    38 | D        | Found the +9 sword of Zonguldrok {reap}
    38 | D        | Found the cursed +13 scythe of Curses {drain, *Curse}
    38 | D        | Found the +0 sword of Power
    38 | D        | Found the +0 mace of Variability {chaos}
    38 | D        | Found the +7 Singing Sword
    38 | D        | Found the +7 longbow "Piercer" {penet, EV-2}
    40 | D        | Found the +9 heavy crossbow "Sniper" {velocity, Acc+∞ SInv}
    40 | D        | Found the +10 dark maul {crush}
    40 | D        | Found the +15 Maxwell's patent armour {-Cast -Tele rElec MR+ rCorr}
    40 | D        | Found the +18 shield of the Gong {rElec rN+ MR+ EV-5}
    40 | D        | Found the cursed +14 obsidian axe {chop, +Fly SInv *Curse}
   103 | D        | Reached skill level 4 in Invocations
   103 | D        | Reached XP level 2. HP: 20/20 MP: 1/5
   106 | D        | Entered arena 2.
   106 | D        | Noticed a draconian
   106 | D        | Noticed a draconian
   106 | D        | Found a transporter.
   121 | D        | Killed a draconian
   121 | D        | Reached skill level 9 in Invocations
   121 | D        | Reached XP level 3. HP: 18/28 MP: 0/9
   121 | D        | Reached XP level 4. HP: 22/34 MP: 0/10
   121 | D        | Reached XP level 5. HP: 25/38 MP: 0/11
   121 | D        | Reached XP level 6. HP: 29/44 MP: 0/12
   125 | D        | Killed a draconian
   125 | D        | Reached skill level 10 in Invocations
   125 | D        | Reached XP level 7. HP: 34/50 MP: 0/14
   131 | D        | Entered arena 3.
   131 | D        | Found a transporter.
   134 | D        | Reached *** piety under Cheibriados
   139 | D        | Got the +2 pair of gloves "Tivup" {rF+ Str+3 Int+4}
   141 | D        | Got the ring "Omacasiem" {Int+2 Stlth-}
   215 | D        | Entered arena 4.
   215 | D        | Found a transporter.
   218 | D        | Reached **** piety under Cheibriados
   218 | D        | Reached XP level 8. HP: 52/55 MP: 14/16
   232 | D        | Got the +5 ring mail "Ujo Raid" {rF+ Str+3 Int+3 SInv}
   234 | D        | Got the +4 battleaxe "Maorawk" {flame, rC+}
   309 | D        | Entered arena 5.
   309 | D        | Noticed an ogre mage
   309 | D        | Noticed a vault sentinel
   309 | D        | Noticed a wraith
   309 | D        | Noticed an orc knight
   309 | D        | Found a transporter.
   311 | D        | Killed a wraith
   311 | D        | Reached skill level 11 in Invocations
   313 | D        | Killed an ogre mage
   313 | D        | Reached skill level 12 in Invocations
   313 | D        | Reached XP level 9. HP: 62/62 MP: 6/18
   314 | D        | Killed an orc knight
   314 | D        | Reached skill level 10 in Fighting
   316 | D        | Killed a vault sentinel
   316 | D        | Reached ***** piety under Cheibriados
   316 | D        | Reached skill level 13 in Invocations
   330 | D        | Got the +1 ring mail "Bitzoll" {rElec rCorr Int+5}
   334 | D        | Entered arena 6.
   334 | D        | Found a transporter.
   345 | D        | Got the amulet of Youthful Indiscretion {Regen+ Dex+6}
   370 | D        | Entered arena 7.
   370 | D        | Noticed a stone giant
   370 | D        | Noticed a vault guard
   370 | D        | Noticed a vault sentinel
   370 | D        | Noticed an orc knight
   370 | D        | Noticed a vault guard
   370 | D        | Noticed an ironheart preserver
   378 | D        | Killed an orc knight
   378 | D        | Reached skill level 10 in Armour
   380 | D        | Killed a vault guard
   380 | D        | Reached ****** piety under Cheibriados
   380 | D        | Reached skill level 10 in Shields
   380 | D        | Reached skill level 14 in Invocations
   380 | D        | Reached XP level 10. HP: 64/69 MP: 11/20
   382 | D        | Killed an ironheart preserver
   382 | D        | Killed a vault sentinel
   385 | D        | Killed a stone giant
   385 | D        | Reached skill level 10 in Axes
   385 | D        | Reached skill level 15 in Invocations
   386 | D        | Killed a vault guard
   386 | D        | Reached XP level 11. HP: 75/76 MP: 12/22
   387 | D        | Found a transporter.
   394 | D        | Got the amulet "Yrawn" {*Corrode rElec rN+ Regen+}
   431 | D        | Entered arena 8.
   433 | D        | Found a transporter.
   450 | D        | Got the ring of Agnosticism {rC+ rN+ Str+7 Int-2}
   457 | D        | Entered arena 9.
   457 | D        | Noticed Muziogud the pandemonium lord
   459 | D        | Reached skill level 16 in Invocations
   481 | D        | Killed Muziogud the pandemonium lord
   481 | D        | Reached skill level 17 in Invocations
   482 | D        | Found a transporter.
   496 | D        | Got the +6 quarterstaff of Xom's Hatred {crush, *Contam +Fly MR++ Int+3}
   621 | D        | Entered arena 10.
   621 | D        | Noticed a spriggan druid
   622 | D        | Killed a spriggan druid
   622 | D        | Reached XP level 12. HP: 84/84 MP: 24/24
   625 | D        | Found a transporter.
   659 | D        | Got the +5 dagger "Ciamp" {pain, +Fly rPois Dex+3}
   727 | D        | Entered arena 11.
   730 | D        | Reached skill level 18 in Invocations
   733 | D        | Found a transporter.
   745 | D        | Got the cursed ring "Inoreh" {Int-3 Slay+5}
   750 | D        | Entered arena 12.
   750 | D        | Noticed Xeullududi the pandemonium lord
   750 | D        | Noticed a reaper
   751 | D        | Noticed Vaklan the pandemonium lord
   751 | D        | Noticed Lifebb the pandemonium lord
   755 | D        | Killed a reaper
   757 | D        | Killed Xeullududi the pandemonium lord
   757 | D        | Reached skill level 15 in Fighting
   757 | D        | Reached skill level 19 in Invocations
   757 | D        | Reached XP level 13. HP: 57/92 MP: 17/26
   757 | D        | Killed Lifebb the pandemonium lord
   757 | D        | Reached skill level 15 in Armour
   757 | D        | Reached skill level 15 in Shields
   757 | D        | Reached skill level 20 in Invocations
   757 | D        | Killed Vaklan the pandemonium lord
   757 | D        | Reached skill level 21 in Invocations
   757 | D        | Gained mutation: Your large and strong wings let you fly indefinitely. [Gargoyle growth]
   757 | D        | Reached XP level 14. HP: 62/100 MP: 17/28
   759 | D        | Found a transporter.
   824 | D        | Entered arena 13.
   824 | D        | Noticed a reaper
   824 | D        | Noticed a reaper
   824 | D        | Noticed a reaper
   831 | D        | Reached skill level 22 in Invocations
   835 | D        | Killed a reaper
   835 | D        | Killed a reaper
   836 | D        | Found a transporter.
   838 | D        | Killed a reaper
   849 | D        | Got the +12 dagger "Gilif" {freeze, MR++ Int+4}
   949 | D        | Entered arena 14.
   952 | D        | Found the +4 Vampire's Tooth {vamp}
   957 | D        | Reached skill level 5 in Dodging
   958 | D        | Found a transporter.
   966 | D        | Got the +4 scale mail of the True Pharaoh {+Fly Slay+3 Stlth-}
   970 | D        | Got the cursed +3 short sword "Cepsouv" {elec, rC+}
   981 | D        | Entered arena 15.
   996 | D        | Reached skill level 15 in Axes
   997 | D        | Found a transporter.
  1012 | D        | Entered arena 16.
  1015 | D        | Found the +1 cloak of Starlight {rElec rC+ EV+4 Stlth--}
  1017 | D        | Reached skill level 23 in Invocations
  1019 | D        | Found a transporter.
  1039 | D        | Entered arena 17.
  1099 | D        | Noticed a reaper
  1099 | D        | Noticed a reaper
  1101 | D        | Found a transporter.
  1110 | D        | Killed a reaper
  1111 | D        | Killed a reaper
  1115 | D        | Got the +8 dagger of the Crushed Friends {distort, rC- rN+ Dex+3}
  1126 | D        | Got the cursed +0 glaive "Remif" {antimagic, Str+5 Int-5 Dex+2}
  1222 | D        | Entered arena 18.
  1225 | D        | Noticed a yellow draconian
  1225 | D        | Noticed a purple draconian
  1225 | D        | Noticed a red draconian
  1225 | D        | Noticed a yellow draconian
  1225 | D        | Noticed a purple draconian
  1225 | D        | Noticed a purple draconian
  1225 | D        | Noticed a red draconian scorcher
  1225 | D        | Noticed a green draconian
  1225 | D        | Noticed a black draconian
  1225 | D        | Noticed a green draconian
  1225 | D        | Noticed a yellow draconian
  1225 | D        | Noticed a black draconian annihilator
  1226 | D        | Found the +10 large shield of Ignorance {rN+ Int-4}
  1226 | D        | Noticed a yellow draconian shifter
  1226 | D        | Noticed a yellow draconian annihilator
  1226 | D        | Noticed a red draconian
  1226 | D        | Noticed a green draconian
  1226 | D        | Noticed a black draconian
  1226 | D        | Noticed a black draconian
  1227 | D        | Found a transporter.
  1231 | D        | Killed a red draconian scorcher
  1231 | D        | Killed a yellow draconian annihilator
  1232 | D        | Killed a purple draconian
  1232 | D        | Killed a yellow draconian shifter
  1232 | D        | Killed a green draconian
  1232 | D        | Killed a black draconian annihilator
  1232 | D        | Reached skill level 24 in Invocations
  1232 | D        | Killed a black draconian
  1232 | D        | Reached XP level 15. HP: 64/109 MP: 25/31
  1237 | D        | Got the +9 whip of Uhi Ezie {elec, MR+ Str-5 Dex+8}
  1243 | D        | Got the cursed +1 battleaxe of Resourcefulness {flame, Fragile Dex+6}
  1332 | D        | Entered arena 19.
  1335 | D        | Noticed a ghoul
  1336 | D        | Noticed a shadow dragon
  1337 | D        | Found a transporter.
  1340 | D        | Reached skill level 25 in Invocations
  1344 | D        | Killed a ghoul
  1346 | D        | Killed a shadow dragon
  1354 | D        | Got the amulet "Kuxiaf" {Inacc MR++ Str+2 Int-5 Stlth+}
  1364 | D        | Got the amulet "Roacanat" {Spirit *Drain +Blink MR+++ Stlth-}
  1367 | D        | Got the cursed ring "Ukhliamack" {Str-2 Int+5}
  1422 | D        | Entered arena 20.
  1428 | D        | Noticed a pearl dragon
  1428 | D        | Noticed an angel
  1428 | D        | Noticed an angel
  1428 | D        | Noticed a daeva
  1428 | D        | Noticed an angel
  1428 | D        | Noticed an angel
  1428 | D        | Noticed a daeva
  1428 | D        | Noticed a pearl dragon
  1430 | D        | Found the amulet of the Four Winds {rN+ MR+++ Clar}
  1433 | D        | Killed an angel
  1433 | D        | Killed an angel
  1434 | D        | Found a transporter.
  1434 | D        | HP: 4/111 [ophan/bolt of fire (5)]
  1437 | D        | Killed an angel
  1437 | D        | Killed an angel
  1438 | D        | Killed a pearl dragon
  1438 | D        | Reached skill level 10 in Dodging
  1438 | D        | Killed a pearl dragon
  1438 | D        | Reached skill level 26 in Invocations
  1439 | D        | Killed a daeva
  1440 | D        | Killed a daeva
  1447 | D        | Reached XP level 16. HP: 34/118 MP: 16/33
  1732 | D        | Got the ring of Beogh's Indignation {rC++ MP+9 AC+4}
  1734 | D        | Got the +1 spear of Zenyttoa {freeze, rPois rC+ MR+ Stlth-}
  1740 | D        | Got the ring of Meoloide {rElec Str+2}
  1759 | D        | Entered arena 21.
  1763 | D        | Noticed Pimehiq the pandemonium lord
  1763 | D        | Noticed a tentacled starspawn
  1764 | D        | Noticed Maomar the pandemonium lord
  1764 | D        | Noticed Niuschi the pandemonium lord
  1765 | D        | Noticed a lich
  1765 | D        | Noticed a tentacled starspawn
  1768 | D        | Killed Maomar the pandemonium lord
  1768 | D        | Reached skill level 27 in Invocations
  1768 | D        | Killed a tentacled starspawn
  1768 | D        | Killed a lich
  1769 | D        | Killed Niuschi the pandemonium lord
  1770 | D        | Killed a tentacled starspawn
  1776 | D        | Found the cursed necklace of Bloodlust {*Rage +Rage MR++ Int-3 Slay+6 *Curse}
  1776 | D        | Found a transporter.
  1779 | D        | Killed Pimehiq the pandemonium lord
  1792 | D        | Got the cursed +1 double sword of Crusades {slice, MR+ SInv}
  1796 | D        | Got the ring of Hiunt {+Blink MP+9 Str+3 Int+3}
  1805 | D        | Got the cursed ring of Ykhlutas {MR- Str+6 Int+3 Dex-2}
  2177 | D        | Entered arena 22.
  2181 | D        | Noticed a lich
  2182 | D        | Noticed a lich
  2182 | D        | Noticed a lich
  2186 | D        | Killed a lich
  2187 | D        | Killed a lich
  2188 | D        | Killed a lich
  2188 | D        | Reached skill level 15 in Dodging
  2188 | D        | Reached XP level 17. HP: 131/131 MP: 29/34
  2192 | D        | Found a transporter.
  2194 | D        | Got the cursed +1 dagger of Urgency {pierce, rC+ rN+ MR+}
  2200 | D        | Got the cursed +0 robe of Veqirujomy {rElec rPois rC- Dex+3}
  2211 | D        | Got the ring "Iklaerad" {Dex+4 Stlth-}
  2300 | D        | Entered arena 23.
  2306 | D        | Gained mutation: You are frail. (-10% HP) [a cacodemon]
  2307 | D        | Noticed a tentacled starspawn
  2308 | D        | Noticed a tentacled starspawn
  2312 | D        | Killed a tentacled starspawn
  2312 | D        | Killed a tentacled starspawn
  2315 | D        | Found a transporter.
  2450 | D        | Got the +9 dagger "Earthworm" {antimagic, rN++}
  2465 | D        | Got the ring of Jackog Atte {*Corrode rPois rF+ MR++ SInv}
  2473 | D        | Entered arena 24.
  2500 | D        | Found a transporter.
  2606 | D        | Got the +12 arbalest of Gehenna {velocity, rC- rN+++ Dex+5}
  2610 | D        | Got the +3 hand crossbow "Lics" {flame, MP+9 Int+3}
  2615 | D        | Got the cursed +1 whip of Fragile Peace {vamp, +Inv SInv}
  2627 | D        | Got the ring "Ytufrutu" {rF+ MP+9 Str+4 Int+3 Dex-3}
  2629 | D        | Got the +5 morningstar of the Vestibule of Hell {flame, *Rage rC+ rN+++ Dex+2}
  2657 | D        | Entered arena 25.
  2664 | D        | Noticed a Hell Sentinel
  2664 | D        | Noticed a Hell Sentinel
  2665 | D        | Noticed an iron giant
  2665 | D        | Noticed a Hell Sentinel
  2667 | D        | Reached skill level 1 in Evocations
  2668 | D        | Killed an iron giant
  2668 | D        | Reached skill level 5 in Evocations
  2671 | D        | Killed from afar by a Hell Sentinel

Vault maps used:
D:        sprint_v

Skill      XL: |  1  2  3  4  5  6  7  8  9 10 11 12 13 14 15 16 17 |
---------------+----------------------------------------------------+-----
Fighting       | 4 7 8 9 11 12 13 15 16 18 20 23 26 | 26.3
Axes           | 3 6 7 9 10 11 12 14 15 17 18 | 18.0
Armour         | 3 6 7 9 10 11 13 14 16 18 20 23 26 | 26.2
Shields        | 2 6 7 8 10 11 13 14 15 | 15.4
Invocations    | 4 9 10 12 14 15 17 19 21 24 26 27 | 27.0
Dodging        | 7 10 15 18 | 18.5
Evocations     | 9 |  9.7
Stealth        | |  2.1

Action                   |  1- 3 |  4- 6 |  7- 9 | 10-12 | 13-15 | 16-18 || total
-------------------------+-------+-------+-------+-------+-------+-------++-------
Melee: Broad axe         |    13 |     4 |    25 |    37 |    37 |    18 ||   134
Invok: Bend Time         |     1 |       |       |       |       |       ||     1
       Slouch            |       |       |     3 |    16 |    32 |    28 ||    79
       Temporal Distorti |       |       |     1 |     2 |       |       ||     3
  Use: Potion            |     3 |       |     2 |     4 |     2 |     2 ||    13
       Scroll            |       |       |       |     4 |     2 |       ||     6
  Eat: Chunk             |       |       |       |     1 |     1 |     1 ||     3
       Ration            |       |       |       |       |     2 |     1 ||     3
Armor: Gold dragon scale |    10 |     1 |    15 |    14 |    44 |    51 ||   135
Dodge: Dodged            |     2 |       |     3 |     6 |    52 |    75 ||   138
Block: Shield            |    24 |     2 |    40 |    71 |   140 |   125 ||   402

Table legend:
 A = Spawn XP
 B = Non-spawn XP
 C = Spawn XP percentage of total XP
 D = Spawn monster count
 E = Non-spawn monster count
 F = Spawn count percentage of total count
 G = Total turns spent on level
                    A         B        C        D         E        F      G
               +---------+---------+-------+---------+---------+-------+---------
         Total |       0 |  243030 |   0.0 |       0 |     344 |   0.0 |  2671
               +---------+---------+-------+---------+---------+-------+---------
             D |       0 |  243030 |   0.0 |       0 |     344 |   0.0 |  2671
               +---------+---------+-------+---------+---------+-------+---------

Vault maps used:
D:        sprint_v
